 Dungeon Crawl Stone Soup version 0.30.0-29-ga12c61a403 (webtiles) character file.

Game seed: 13639494665327307253

128 Sabo the Chopper (level 4, -4/40 HPs)
             Began as a Draconian Berserker on June 11, 2023.
             Was a Believer of Trog.
             Slain by a gnoll
             ... wielding a +0 spear
              (8 damage)
             ... while paralysed by a gnoll
             ... on level 3 of the Dungeon.
             The game lasted 00:11:27 (3144 turns).

Sabo the Chopper (Draconian Berserker)              Turns: 3144, Time: 00:11:27

Health: -4/40      AC:  5    Str: 21    XL:     4   Next: 86%
Magic:  4/4        EV:  2    Int:  8    God:    Trog [**....]
Gold:   223        SH:  0    Dex: 14    Spells: 3/3 levels left

rFire   . . .        h - +5 dagger of Uncomfortable Rashes {elec, Dex+4}
rCold   . . .        (no shield)
rNeg    . . .        (body armour unavailable)
rPois   .            (helmet restricted)
rElec   .            (no cloak)
rCorr   .            (no gloves)
SInv    .            (no boots)
Will    .....        (no amulet)
Stlth   +            (no ring)
HPRegen 0.26/turn    (no ring)
MPRegen 0.09/turn

%: no passive effects
@: paralysed
A: AC +5, unfitting armour, cold-blooded
a: Renounce Religion, Berserk, Trog's Hand


You were on level 3 of the Dungeon.
You worshipped Trog.
Trog was pleased with you.
You visited 1 branch of the dungeon, and saw 3 of its levels.

You collected 223 gold pieces.

Inventory:

Hand Weapons
 a - a +0 hand axe
 d - a +0 sling
 h - the +5 dagger of Uncomfortable Rashes (weapon) {elec, Dex+4}
   (You found it on level 3 of the Dungeon)

   Dex:       It affects your dexterity (+4).
Missiles
 e - 5 poisoned darts (quivered)
 k - 4 silver javelins
Scrolls
 b - a scroll of identify {unknown}
 c - a scroll of amnesia {unknown}
 f - a scroll of vulnerability {unknown}
 g - a scroll of teleportation {unknown}
 i - a scroll of fog {unknown}
 m - a scroll of poison {unknown}
Potions
 j - a potion of lignification {unknown}
 l - a potion of haste {unknown}


   Skills:
 + Level 3.9 Fighting
 + Level 4.4 Axes
 + Level 3.7 Dodging
 + Level 0.3 Stealth


You had 3 spell levels left.
You didn't know any spells.
Your spell library was empty.

Dungeon Overview and Level Annotations

Branches:
Dungeon (3/15)

Altars:

Annotations:
D:3 1 transporter, PerfectTommy's ghost, amateur TeRe


Innate Abilities, Weirdness & Mutations

Your plain brown scales are hard. (AC +5)
You cannot fit into any form of body armour.
You are cold-blooded and may be slowed by cold attacks.


Message History

The gnoll shouts!
You hear a shout!
PerfectTommy's ghost turns its malevolent gaze towards you.
The gnoll shouts! x2; You hear a shout!
There is a transporter here.
You enter the transporter and appear at another place.
The gnoll shouts!
The gnoll hits you from afar with a +0 halberd.
The gnoll hits you from afar with a +0 spear.
You hit the gnoll.
The gnoll is moderately wounded.
The gnoll barely misses you. The gnoll closely misses you.
The gnoll hits you from afar with a +0 spear.
You barely miss the gnoll.
The gnoll is moderately wounded.
The gnoll misses you. x2; The gnoll hits you but does no damage.
The gnoll barely misses you. The gnoll hits you with a +0 spear.
The gnoll closely misses you. x2
There is an open translucent door here.
You barely miss the gnoll. The gnoll barely misses you.
The gnoll hits you with a +0 spear. The gnoll misses you.
The gnoll closely misses you.
You puncture the gnoll!
The gnoll is heavily wounded.
The gnoll hits you with a +0 halberd. The gnoll barely misses you.
The gnoll hits you with a +0 club. The gnoll closely misses you.
You hit the gnoll.
You kill the gnoll!
Trog accepts your kill. The gnoll hits you with a +0 spear.
* * * LOW HITPOINT WARNING * * *
The gnoll zaps a wand.
You suddenly lose the ability to move!
The gnoll hits you but does no damage. The gnoll hits you with a +0 spear.
* * * LOW HITPOINT WARNING * * *
The gnoll zaps a wand.
You shrug off the repeated paralysis!
The gnoll barely misses you. The gnoll hits you with a +0 spear.
* * * LOW HITPOINT WARNING * * *
The gnoll hits you with a +0 spear!
You die...

#.# #..#.≈≈##.###.###.##≈≈.....#
#.# #.##.≈≈#g.........W#≈≈..##.#
#.###.###.≈≈###.##'##.###≈≈..##.#
#.##.# #.≈≈..#.#g..#.#..≈≈......
#.###.# #.≈≈.##.#...#g##.≈≈......
#.# #.##.≈≈.#..#$:.#.g#.≈≈...#.#
#.#####...≈≈.##W#####g##.≈≈..##.#
#.............#g#8⌠8#.#..≈≈..##.#
#######.#....©#)@.©.'.#©.~~.....#
#.#.....#g#g..#.#..≈≈..####
#.#.≈≈.##.##.##.##.≈≈..####
#.#.≈≈.#..#...#..#.≈≈......
#.#.≈≈.##.'...'.##.≈≈.<....
#.#.≈≈..#.#...#.#..≈≈..####
#.#.≈≈###.##'##.###≈≈.##
#.#.≈≈#...........#≈≈.#
#...≈≈##.###.###.##≈≈.# ###


You could see PerfectTommy's ghost and 3 gnolls.

Vanquished Creatures
  An orc wizard (D:3)
  A gnoll (D:3)
  2 adders (D:2)
  A worm (D:2)
  2 dart slugs
  2 orcs (D:3)
  3 bats
  8 endoplasms
  4 goblins
  5 hobgoblins
  7 jackals (D:3)
  8 kobolds
  A quokka (D:1)
  6 ball pythons
  8 frilled lizards
  5 rats
64 creatures vanquished.

Vanquished Creatures (others)
  A hobgoblin (D:1)
1 creature vanquished.

Grand Total: 65 creatures vanquished

Notes
Turn   | Place    | Note
-------+----------+-------------------------------------------
     0 | D:1      | Sabo the Draconian Berserker began the quest for the Orb.
     0 | D:1      | Reached XP level 1. HP: 19/19 MP: 1/1
   407 | D:1      | Reached XP level 2. HP: 26/26 MP: 2/2
   943 | D:1      | Reached XP level 3. HP: 31/31 MP: 3/3
   943 | D:1      | Reached ** piety under Trog
  1936 | D:2      | Reached skill level 4 in Axes
  1936 | D:2      | Reached XP level 4. HP: 31/40 MP: 4/4
  2356 | D:3      | Identified the +5 dagger of Uncomfortable Rashes {elec,
                  | Dex+4}
  2804 | D:3      | Found a transporter.
  2814 | D:3      | Identified the +3 spear of Success {pain, rF+ rN+ Dex+2
                  | Stlth-}
  2814 | D:3      | Identified the +3 scale mail of Untruth {Harm rPois Int-5
                  | Stlth-}
  2814 | D:3      | Noticed a gnoll sergeant
  2860 | D:3      | Found a transporter.
  2867 | D:3      | Noticed PerfectTommy's ghost (amateur TeRe)
  3142 | D:3      | Paralysed by a gnoll for 4 turns
  3144 | D:3      | Slain by a gnoll

Illustrated notes

Levels and vault maps discovered:
D:1:      mrwooster_arrival_statue, layout_basic, lexackson_kobold_supper
D:2:      layout_basic
D:3:      layout_loops_ring, gammafunk_ghost_gnarly_gnolls,
          minmay_misc_feat_enclosed, grunt_decor_arrowhead, roderic_malta_cross

Skill      XL: |  1  2  3 |
---------------+----------+-----
Dodging        | 3 |  3.7
Axes           | 4 |  4.4
Fighting       | |  3.9
Stealth        | |  0.3

Action                     |  1- 3 |  4- 6 || total
---------------------------+-------+-------++-------
  Melee: Hand axe          |   137 |    20 ||   157
         Tailslap          |    13 |     2 ||    15
         Punch             |     3 |       ||     3
         Dagger            |       |    32 ||    32
   Stab: Sleeping          |     1 |     1 ||     2
 Armour: Skin              |    46 |    24 ||    70
  Dodge: Dodged            |    71 |    45 ||   116
